 Dungeon Crawl Stone Soup version 0.32-a0-999-gfa1cc04b1d (webtiles) character file.

Game seed: 2302467365668581084

8064 Arex the Cleaver (level 11, -2/148 HPs)
             Began as a Mountain Dwarf Fighter on Apr 24, 2024.
             Was a Priest of Okawaru.
             Succumbed to a vampire's poison
             ... on level 8 of the Dungeon on Apr 25, 2024.
             The game lasted 00:22:35 (14106 turns).

Arex the Cleaver (Mountain Dwarf Fighter)          Turns: 14106, Time: 00:22:35

Health: -2/148     AC: 25    Str: 27    XL:     11   Next: 5%
Magic:  13/14      EV:  2    Int:  8    God:    Okawaru [***...]
Gold:   261        SH:  7    Dex: 14    Spells: 10/10 levels left

rFire   . . .        a - +1 war axe
rCold   . . .        c - +0 buckler
rNeg    . . .        x - melded +0 plate armour
rPois   +            l - melded +0 helmet
rElec   .            (cloak currently unavailable)
rCorr   .            b - melded +0 pair of gloves of the Quests {+Blink Str+3 Int+3}
SInv    .            m - melded +0 pair of boots
Will    ++...        G - amulet of regeneration
Stlth   +++          u - +6 ring of dexterity
HPRegen 1.24/turn    (no ring)
MPRegen 0.14/turn

%: no passive effects
@: lethally poisoned (-2 -> -23), tree-form, heroic, hasted, very quick
A: stationary, stasis, torment immunity, boosted hp, runic magic, artefact
enchanting, (talons 1), strong-willed 1, (shaggy fur 1), strong 1
a: Renounce Religion, Heroism


You were on level 8 of the Dungeon.
You worshipped Okawaru.
Okawaru was most pleased with you.
You were a tree.
You visited 3 branches of the dungeon, and saw 13 of its levels.

You collected 801 gold pieces.
You spent 540 gold pieces at shops.

Inventory:

Hand Weapons
 a - a +1 war axe (weapon)
Armour
 b - the +0 pair of gloves of the Quests (melded) {+Blink Str+3 Int+3}
   (You acquired it on level 9 of the Dungeon)

   Str+3:     It affects your strength (+3).
   Int+3:     It affects your intelligence (+3).
   +Blink:    It lets you blink.
 c - a +0 buckler (worn)
 l - a +0 helmet (melded)
 m - a +0 pair of boots (melded)
 x - a +0 plate armour (melded)
Jewellery
 u - a +6 ring of dexterity (left branch)
 G - an amulet of regeneration (around neck)
Wands
 d - a wand of flame (47)
 e - a wand of polymorph (7)
 y - a wand of quicksilver (8)
 B - a wand of paralysis (1)
Scrolls
 h - 2 scrolls of vulnerability
 i - 2 scrolls of immolation
 j - 3 scrolls of noise
 k - 6 scrolls of enchant weapon
 o - 4 scrolls of teleportation
 t - a scroll of revelation
 z - a scroll of enchant armour
 H - a scroll of brand weapon
 I - a scroll of silence
Potions
 f - a potion of resistance {unknown}
 g - 3 potions of degeneration
 n - a potion of mutation
 p - a potion of cancellation
 q - a potion of attraction
 s - a potion of might
 v - 2 potions of lignification
 w - 2 potions of brilliance
 A - a potion of haste
 E - 2 potions of enlightenment


   Skills:
 + Level 10.0(15.0) Fighting
 + Level 10.5(15.5) Axes
 + Level 10.0(15.0) Armour
 + Level 10.0(15.0) Shields
 + Level 4.7 Invocations
 * Level 2.7 Evocations


You had 10 spell levels left.
You didn't know any spells.
Your spell library contained the following spells:

 Spells                   Type           Power      Damage    Failure   Level
 Apportation              Tloc           0%         N/A       43%         1
 Kiss of Death            Conj/Necr      0%         2d5       43%         1
 Necrotise                Necr           0%         1d4       43%         1
 Ensorcelled Hibernation  Hex/Ice        0%         N/A       56%         2
 Jinxbite                 Hex            0%         N/A       56%         2
 Confusing Touch          Hex            0%         N/A       80%         3
 Passwall                 Erth           0%         N/A       80%         3
 Sigil of Binding         Hex            0%         N/A       80%         3
 Swiftness                Air            0%         N/A       80%         3
 Vampiric Draining        Necr           0%         2d6       80%         3
 Anguish                  Hex/Necr       0%         N/A       99%         4
 Cause Fear               Hex            0%         N/A       99%         4
 Dispel Undead            Necr           0%         3d6       99%         4
 Alistair's Intoxication  Alch           0%         N/A       100%        5
 Borgnjor's Vile Clutch   Necr/Erth      0%         N/A       100%        5
 Curse of Agony           Necr           0%         N/A       100%        5
 Eringya's Noxious Bog    Alch           0%         4d6       100%        6
 Enfeeble                 Hex            0%         N/A       100%        7
 Martyr's Knell           Necr/Summ      Unusable   N/A       N/A         4

Dungeon Overview and Level Annotations

Branches:
Dungeon (10/15)            Temple (1/1) D:7             Orc (2/2) D:9
    Elf (0/3) Orc:2
   Lair: D:8-11

Altars:
Ashenzari
Cheibriados
Dithmenos
Elyvilon
Fedhas
Gozag
Kikubaaqudgha
Makhleb
Nemelex Xobeh
Okawaru
Qazlal
Ru
Sif Muna
Uskayaw
Wu Jian
Xom
Yredelemnul
Zin
The Shining One
Beogh

Shops:
D:2 !   D:7 !

Portals:
Trove: D:10 (give +5 demon trident)

Annotations:
D:6 1 runed translucent door, spaghetti's ghost, amateur DsCK
D:10 Sonja


Innate Abilities, Weirdness & Mutations

You are a tree.
Your roots penetrate the ground, keeping you stationary.
You cannot be teleported.
You are immune to unholy pain and torment.
Your maximum health is greatly increased.
Your equipment is partially melded.
Your spellcasting is much less encumbered by armour.
You can use scrolls of enchantment on lesser artefacts.
((You have sharp toenails.))
You are strong-willed. (Will+)
((You are covered in fur. (AC +1)))
Your muscles are strong. (Str +4, Int/Dex -1)


Message History

Something bites you but does no damage.
You hit something but do no damage.
You feel sick. Something hits you but does no damage. Something bites you.
* * * LOW HITPOINT WARNING * * *
Something draws strength from your injuries!
You slash something!
You feel sick. Something hits you but does no damage.
Something bites you but does no damage.
You closely miss something.
You feel sick.
You barely miss something.
You feel sick. Something hits you.
* * * LOW HITPOINT WARNING * * *
You are more poisoned.
Something bites you but does no damage.
You hit something but do no damage.
You feel sick. Something hits you!
* * * LOW HITPOINT WARNING * * *
You are lethally poisoned!
Something bites you but does no damage.
You feel yourself speed up.
* * * LOW HITPOINT WARNING * * *
You feel extremely sick. Something hits you but does no damage.
You are more poisoned.
You block something's attack.
You hit something but do no damage.
* * * LOW HITPOINT WARNING * * *
You feel very sick.
Okay, then.
You feel extremely strange.
Your toenails lengthen and sharpen.
Fur sprouts all over your body.
You feel stronger.
You feel strong-willed.
* * * LOW HITPOINT WARNING * * *
You feel very sick. Something hits you but does no damage.
You are more poisoned.
You block something's attack.
You turn into a tree.
Your +0 helmet melds into your body.
The +0 pair of gloves of the Quests {+Blink Str+3 Int+3} melds into your body.
Your +0 pair of boots melds into your body.
Your +0 plate armour melds into your body.
Your roots penetrate the ground.
You die...

##......##...............#.....
####...##...........#..#####..
#..###...........##.## ###
##..# #......<...###..# #..##
#..........# #..# # ##.##
#.........## ##.## ## #..#
#........## #..# ##. ##.##
#.....{..# #..###.. #..#
#....♣>.## ##.##... #.##
#.......# #...... #.# #......##
#...... ### #.>....# ##.#...
#.....## #.###. #.....# #..###
#....## ##.# # #....# #.##
#...## #..#


There were no monsters in sight!

Vanquished Creatures
  A two-headed ogre (D:9)
  An obsidian bat (Orc:2)
  Pikel (D:7)
  A kobold blastminer (Orc:2)
  A gargoyle (D:10)
  An unseen horror (D:10)
  2 trolls
  Sigmund (D:2)
  A vampire (D:9)
  2 wargs
  2 steam dragons
  Duvessa (D:4)
  An acid dragon (D:8)
  3 black bears
  4 ogres
  3 ice beasts
  2 orc warriors
  2 wolves (D:9)
  2 centaurs
  4 lemures (D:7)
  2 phantoms
  2 kobold brigands
  Blork the orc (D:6)
  3 bullfrogs
  5 scorpions
  8 wights
  Dowan (D:4)
  10 killer bees (D:8)
  A howler monkey (D:4)
  A bombardier beetle (D:6)
  A jelly (D:4)
  4 hounds
  7 orc priests
  A gnoll bouda (D:3)
  A sleepcap (D:3)
  An iguana (D:6)
  7 orc wizards
  9 gnolls
  9 adders
  A shadow imp (D:8)
  A white imp (D:5)
  4 ufetubi
  A dart slug (D:1)
  39 orcs
  8 bats
  5 endoplasms
  6 giant cockroaches
  8 hobgoblins
  3 jackals (D:1)
  18 kobolds
  4 quokkas
  7 ball pythons
  4 frilled lizards
  5 goblins
  6 rats (D:1)
230 creatures vanquished.

Notes
Turn   | Place    | Note
-------+----------+-------------------------------------------
     0 | D:1      | Arex the Mountain Dwarf Fighter began the quest for the
                  | Orb.
     0 | D:1      | Reached XP level 1. HP: 19/19 MP: 1/1
   111 | D:1      | Reached XP level 2. HP: 15/26 MP: 2/2
   470 | D:1      | Reached XP level 3. HP: 25/31 MP: 3/3
   977 | D:2      | Noticed Sigmund
  1270 | D:2      | Reached XP level 4. HP: 21/45 MP: 4/4
  1277 | D:2      | Killed Sigmund
  1278 | D:2      | Reached XP level 5. HP: 27/52 MP: 5/5
  1278 | D:2      | Reached XP level 6. HP: 31/60 MP: 6/6
  1435 | D:2      | Found a faded altar of an unknown god.
  1555 | D:2      | Found Jets's Distillery.
  1563 | D:2      | Bought a potion of mutation for 104 gold pieces
  2509 | D:3      | HP: 3/60 [gnoll/+0 halberd[a gnoll bouda] (7)]
  3209 | D:4      | Reached XP level 7. HP: 48/66 MP: 7/7
  3493 | D:4      | Noticed Dowan
  4397 | D:4      | Killed Dowan
  4698 | D:4      | Noticed Duvessa
  4743 | D:5      | Entered Level 5 of the Dungeon
  4774 | D:5      | Found a white marble altar of Elyvilon.
  5321 | D:5      | Reached XP level 8. HP: 61/73 MP: 8/8
  6425 | D:6      | Noticed Blork the orc
  6441 | D:6      | Killed Blork the orc
  6447 | D:6      | Found a runed translucent door.
  6452 | D:6      | Noticed spaghetti's ghost (amateur DsCK)
  6893 | D:6      | Found a stormy altar of Qazlal.
  6918 | D:6      | Reached XP level 9. HP: 66/82 MP: 9/9
  7420 | D:4      | Killed Duvessa
  7953 | D:2      | Bought a potion of brilliance for 52 gold pieces
  7953 | D:2      | Bought a potion of curing for 39 gold pieces
  7953 | D:2      | Bought a potion of heal wounds for 65 gold pieces
  8259 | D:6      | Identified the +3 spear of the Chickpea {flame, rPois rF+
                  | Dex+2}
  8825 | D:7      | Noticed Pikel
  8857 | D:7      | Killed Pikel
  9081 | D:7      | Reached skill level 1 in Evocations
  9180 | D:7      | Found Munuheom's Distillery.
  9188 | D:7      | Bought a potion of haste for 140 gold pieces
  9188 | D:7      | Bought a potion of berserk rage for 70 gold pieces
  9455 | D:7      | Found a staircase to the Ecumenical Temple.
  9562 | Temple   | Entered the Ecumenical Temple
  9589 | Temple   | Became a worshipper of Warmaster Okawaru
  9743 | D:7      | Found an ornate altar of the Wu Jian Council.
  9743 | D:7      | Found a sparkling altar of Nemelex Xobeh.
 10134 | D:8      | Reached skill level 1 in Invocations
 10134 | D:8      | Reached XP level 10. HP: 91/91 MP: 10/10
 10941 | D:7      | Bought a potion of enlightenment for 70 gold pieces
 11914 | D:9      | Reached * piety under Okawaru
 11942 | D:9      | Noticed a two-headed ogre
 11953 | D:8      | HP: 3/91 [acid dragon/splash of acid (26)]
 12418 | D:9      | Identified the +0 pair of gloves of Antique Salvation
                  | {Str+8 Dex-4 Slay-6}
 12502 | D:9      | Reached skill level 10 in Axes
 12556 | D:9      | Found a staircase to the Orcish Mines.
 12707 | D:10     | Entered Level 10 of the Dungeon
 12724 | D:10     | Noticed a gargoyle
 12736 | D:10     | Killed a gargoyle
 12944 | D:10     | Reached ** piety under Okawaru
 12991 | D:10     | Found a portal to a secret trove of treasure.
 13162 | D:10     | Noticed Sonja
 13242 | D:9      | Killed a two-headed ogre
 13287 | D:9      | Identified a scroll of acquirement
 13287 | D:9      | Acquired the +0 pair of gloves of the Quests {+Blink Str+3
                  | Int+3}
 13342 | Orc:1    | Entered Level 1 of the Orcish Mines
 13468 | Orc:2    | Entered Level 2 of the Orcish Mines
 13472 | Orc:2    | Found a staircase to the Elven Halls.
 13487 | Orc:2    | Noticed an obsidian bat
 13507 | Orc:2    | Killed an obsidian bat
 13682 | Orc:2    | Found a roughly hewn altar of Beogh.
 13696 | Orc:2    | Noticed a kobold blastminer
 13833 | Orc:2    | Killed a kobold blastminer
 13833 | Orc:2    | Reached *** piety under Okawaru
 13881 | Orc:2    | Reached skill level 10 in Fighting
 13881 | Orc:2    | Reached skill level 10 in Shields
 13881 | Orc:2    | Reached XP level 11. HP: 81/99 MP: 14/14
 13904 | Orc:2    | Reached skill level 10 in Armour
 14105 | D:8      | Gained mutation: You have sharp toenails. [potion of
                  | mutation]
 14105 | D:8      | Gained mutation: You are covered in fur. (AC +1) [potion of
                  | mutation]
 14105 | D:8      | Gained mutation: Your muscles are strong. (Str +4, Int/Dex
                  | -1) [potion of mutation]
 14105 | D:8      | Gained mutation: You are strong-willed. (Will+) [potion of
                  | mutation]
 14105 | D:8      | HP: 2/99 [poisoned by a vampire]
 14106 | D:8      | Succumbed to a vampire's poison

Illustrated notes

Levels and vault maps discovered:
D:1:      dpeg_arrival_pits, layout_basic, serial_glass, glass_columns_a,
          glass_columns_c, minmay_misc_feat_tiny
D:2:      layout_rooms, shapermc_ecumenical_altar_hornbeckon, serial_shops,
          shop, uniq_sigmund
D:3:      layout_basic, dreamdust_mushroom_princess, nicolae_grassy_gnolls
D:4:      layout_cave_pools, minmay_cupped, uniq_duvessa
D:5:      layout_loops_corners, kennysheep_little_box, dk_vineyard_1
D:6:      layout_gridville, mainiacjoe_overflow_small_starburst,
          ebering_ghost_reflecting_pool, kennysheep_generic_room_5,
          uniq_blork_the_orc
D:7:      layout_loops_corners, gammafunk_temple_overflow_elements,
          minmay_temple_entry_nine_rooms, serial_shops,
          nicolae_shop_just_a_little_nook, minmay_misc_feat_rows, uniq_pikel
D:8:      layout_cave_pods, kennysheep_cross_bottleneck
D:9:      layout_cave_pools, minmay_orc_entry_guard_dogs, serial_glass,
          glass_columns_a, glass_columns_b, glass_columns_c, item_on_display_a
D:10:     layout_basic, grunt_temple_overflow_diamond,
          nicolae_trove_entry_crystal, uniq_sonja
Temple:   bh_familiar_temple
Orc:1:    layout_caves, serial_shops, nicolae_book_shop_shelving, uniq_maurice
Orc:2:    grunt_orc_community_town_hall, layout_diamond_mine,
          grunt_orc_community_big_house_2, grunt_orc_community_big_house_1,
          grunt_orc_community_house_3, grunt_orc_community_house_2,
          grunt_orc_community_house_3, grunt_orc_community_house_3,
          grunt_orc_community_house_1, grunt_orc_community_house_2,
          serial_shops, shop, elves_outpost_lemuel

Skill      XL: |  1  2  3  4  5  6  7  8  9 10 11 |
---------------+----------------------------------+-----
Axes           | 3 7 8 9 10 | 10.5
Fighting       | 6 7 8 9 10 | 10.0
Armour         | 6 7 8 9 10 | 10.0
Shields        | 6 7 8 9 10 | 10.0
Evocations     | 1 2 |  2.7
Invocations    | 1 4 |  4.7

Action                     |  1- 3 |  4- 6 |  7- 9 | 10-12 || total
---------------------------+-------+-------+-------+-------++-------
  Melee: War axe           |   167 |   120 |   376 |   284 ||   947
         Unarmed           |     2 |     4 |       |       ||     6
 Invoke: Heroism           |       |       |       |     3 ||     3
  Evoke: Wand              |       |       |     5 |     3 ||     8
    Use: Scroll            |     3 |     4 |    10 |     6 ||    23
         Potion            |     3 |     4 |     1 |     7 ||    15
   Stab: Paralysed         |       |       |     2 |     3 ||     5
 Armour: Scale mail        |   147 |    30 |       |       ||   177
         Skin              |    15 |       |       |       ||    15
         Chain mail        |       |   107 |   250 |       ||   357
         Plate armour      |       |       |   124 |   416 ||   540
  Dodge: Dodged            |    87 |    75 |   117 |    94 ||   373
  Block: Buckler           |    40 |    39 |   104 |   123 ||   306

Table legend: (Time is in decaauts)
 A = Elapsed time spent in this place.
 B = Non-inter-level travel time spent in this place.
 C = Inter-level travel time spent in this place.
 D = Time resting spent in this place.
 E = Time spent auto-exploring this place.
 F = Levels seen in this place.
 G = Mean time per level.
                   A        B        C        D        E       F      G
               +--------+--------+--------+--------+--------+-----+--------+
         Total |  14302 |  13159 |   1143 |   4417 |   6240 |  13 | 1100.2 |
       Dungeon |  13536 |  12460 |   1076 |   4001 |   6230 |  10 | 1353.6 |
        Temple |     53 |      2 |     51 |      0 |      0 |   1 |   53.0 |
  Orcish Mines |    712 |    697 |     15 |    416 |     10 |   2 |  356.0 |
               +--------+--------+--------+--------+--------+-----+--------+

Top non-repeatable levels by time:
     D:8: 1986 daAuts
     D:4: 1812 daAuts
     D:3: 1722 daAuts
     D:5: 1518 daAuts
     D:6: 1457 daAuts
     D:7: 1302 daAuts
     D:2: 1206 daAuts
     D:1: 1143 daAuts
     D:9: 896 daAuts
    D:10: 489 daAuts
   Orc:2: 483 daAuts
   Orc:1: 228 daAuts
  Temple: 53 daAuts
